AoeStats
← ivcrk826

Arabia

507981590Analyzed
1v1 RM · 12d ago on Sep 20, 2026· 77m 44s· 2 players
Game mode
Random Map
Map size
Tiny (2 player)
Population
200
Speed
Normal
Resources
Standard
Victory
Conquest
Starting age
Dark Age
Ending age
Imperial Age
RankedLock teamsTeams togetherTeam positionsShared explorationLock speedFull tech treeHidden civsTurbo modeCheats
Victory
Defeat
🇦🇷 Magyars · Argentina
1132
+16
🇩🇪 Japanese · Germany
1125
-16
Argon the Emperor
6:10 Loom
9:06 Feudal Age
9:08 Man-at-Arms
10:03 Double-Bit Axe
15:06 Horse Collar
22:15 Castle Age
21:52 Scale Mail Armor
21:44 Fletching
22:14 Forging
22:20 Long Swordsman
23:01 Squires
22:48 Gambesons
23:03 Arson
25:58 Bow Saw
26:58 Bow Saw
27:51 Elite Skirmisher
29:16 Padded Archer Armor
29:57 Guard Tower
30:31 Ballistics
30:55 Wheelbarrow
30:46 Bodkin Arrow
34:05 Hand Cart
33:36 Town Watch
34:51 Leather Archer Armor
36:13 Redemption
39:04 Imperial Age
37:38 Chain Mail Armor
38:00 Iron Casting
37:54 Masonry
39:10 Yasama
40:46 Conscription
40:47 Two-Handed Swordsman
41:30 Bracer
42:02 Plate Mail Armor
42:20 Champion
45:54 Kataparuto
46:16 Block Printing
47:32 Chemistry
47:42 Siege Engineers
50:29 Blast Furnace
59:29 Ring Archer Armor
61:03 Blast Furnace
ivcrk826
6:28 Loom
9:20 Feudal Age
13:18 Double-Bit Axe
22:11 Castle Age
20:41 Horse Collar
21:09 Gold Mining
23:14 Bow Saw
26:12 Fletching
26:50 Bodkin Arrow
28:54 Ballistics
36:06 Imperial Age
33:46 Thumb Ring
34:28 Gold Shaft Mining
36:40 Bloodlines
36:31 Husbandry
37:59 Chemistry
37:03 Bracer
38:00 Padded Archer Armor
38:53 Parthian Tactics
41:22 Heavy Cavalry Archer
46:11 Light Cavalry
50:06 Scale Barding Armor
50:17 Leather Archer Armor
50:58 Corvinian Army
Connection lost

Rejoining the realm…

Still unreachable

The connection could not be restored.

Session expired

The server has moved on; the page needs a fresh start.